 Dungeon Sprint DCSS version 0.30.1-1-g62c8e00024 (webtiles) character file.

Game seed: 785819177677708794

59 boopmooplesden the Trooper (level 3, 0/27 (33) HPs)
             Began as a Demonspawn Berserker on July 15, 2023.
             Was a Follower of Trog.
             Slain by a necrophage (2 damage)
             ... in the Dungeon (Sprint II: "The Violet Keep of Menkaure").
             The game lasted 00:00:17 (30 turns).

boopmooplesden the Trooper (Demonspawn Berserker)     Turns: 30, Time: 00:00:18

HP:   0/27 (33)     AC:  2    Str: 19    XL:     3   Next: 78%
MP:   3/3           EV: 12    Int:  8    God:    Trog [*.....]
Gold: 0             SH:  0    Dex: 12    Spells: 2/2 levels left

rFire   . . .        a - +0 hand axe
rCold   . . .        (no shield)
rNeg    . . .        b - +0 animal skin
rPois   .            (helmet restricted)
rElec   .            (no cloak)
rCorr   .            (no gloves)
SInv    .            (no boots)
Will    .....        (no amulet)
Stlth   +            (no ring)
HPRegen 0.24/turn    (no ring)
MPRegen 0.08/turn

%: no teleportation
@: on berserk cooldown, slowed, heavily drained, very slow
A: antennae 1
a: Renounce Religion, Berserk


You were in the Dungeon.
You worshipped Trog.
Trog was aware of your devotion.
You visited 1 branch

Inventory:

Hand Weapons
 a - a +0 hand axe (weapon)
Armour
 b - a +0 animal skin (worn)
Scrolls
 h - a scroll of blinking
Potions
 d - a potion of heal wounds
 e - a potion of haste
 f - 2 potions of magic
 g - a potion of berserk rage


   Skills:
 + Level 5.4 Fighting
 + Level 5.1 Axes
 + Level 2.6 Armour
 + Level 2.8 Dodging


You had 2 spell levels left.
You didn't know any spells.
Your spell library was empty.

Dungeon Overview and Level Annotations

Branches:
Dungeon (1/1)

Altars:


Innate Abilities, Weirdness & Mutations

You have a pair of small antennae on your head.


Message History

The necrophage hits you!
The necrophage hits you but does no damage.
You hit the necrophage.
The necrophage is moderately damaged.
The necrophage misses you.
You completely miss the necrophage.
The necrophage is moderately damaged.
The necrophage hits you.
* * * LOW HITPOINT WARNING * * *
You feel drained.
* * * LOW HITPOINT WARNING * * *
The necrophage hits you.
* * * LOW HITPOINT WARNING * * *
Unknown command.
You closely miss the necrophage.
The necrophage is moderately damaged.
The necrophage closely misses you.
You slash the necrophage!
The necrophage is heavily damaged.
The necrophage hits you but does no damage.
The necrophage completely misses you.
You closely miss the necrophage.
The necrophage is heavily damaged.
The necrophage hits you but does no damage.
The necrophage closely misses you.
You hit the necrophage but do no damage.
The necrophage is heavily damaged.
The necrophage completely misses you.
You closely miss the necrophage.
The necrophage is heavily damaged.
The necrophage hits you.
* * * LOW HITPOINT WARNING * * *
You feel drained. The necrophage barely misses you.
You closely miss the necrophage.
The necrophage is heavily damaged.
The necrophage closely misses you. The necrophage misses you.
You barely miss the necrophage.
The necrophage is heavily damaged.
The necrophage hits you.
You die...

## ##
##. .##
#.. ..#
#n#n# #
#n# .#
##@##l#
+.<.+#
##.##$#
#+# l#
#


You could see 3 necrophages.

Vanquished Creatures
  A necrophage (D)
1 creature vanquished.

Notes
Turn   | Place    | Note
-------+----------+-------------------------------------------
     0 | D        | boopmooplesden the Demonspawn Berserker began the quest for
                  | the Orb.
     0 | D        | Reached XP level 1. HP: 18/18 MP: 1/1
     1 | D        | Noticed a wyvern
     1 | D        | Noticed a wyvern
     4 | D        | Noticed a necrophage
     4 | D        | Noticed a necrophage
     4 | D        | Noticed a necrophage
     4 | D        | Noticed a necrophage
    15 | D        | Killed a necrophage
    16 | D        | Reached skill level 5 in Fighting
    16 | D        | Reached skill level 5 in Axes
    16 | D        | Gained mutation: You have a pair of small antennae on your
                  | head. [demonic ancestry]
    16 | D        | Reached XP level 2. HP: 27/27 MP: 2/2
    16 | D        | Reached XP level 3. HP: 33/33 MP: 3/3
    28 | D        | HP: 1/29 [necrophage (5)]
    30 | D        | Slain by a necrophage

Illustrated notes

Levels and vault maps discovered:
D:        the_violet_keep_of_menkaure [sprint2_stairs_cluster_1,
          sprint2_shoproom, sprint2_temple, sprint2_basic_supplies,
          sprint2_obstacle_7, sprint2_obstacle_4, sprint2_obstacle_6,
          sprint2_obstacle_2, sprint2_obstacle_5, sprint2_timed_cluster_1,
          sprint2_smallroom_cluster_1, sprint2_smallroom_final_cluster_1,
          sprint2_transparent_cluster_1, sprint2_second_timed_cluster_1,
          sprint2_sniper_area_1, sprint2_heavy_combat_area_1,
          sprint2_mutation_trap_area_1, sprint2_forest_area_1,
          sprint2_light_combat_area_1, sprint2_behind_water_1,
          sprint2_near_end_vault_1]

Skill      XL: |  1 |
---------------+----+-----
Fighting       | 5 |  5.4
Axes           | 5 |  5.1
Armour         | 2 |  2.6
Dodging        | 2 |  2.8

Action                     || total
---------------------------++-------
  Melee: Hand axe          ||    22
 Invoke: Berserk           ||     1
    Use: Potion            ||     1
 Armour: Animal skin       ||     6
  Dodge: Dodged            ||    15
